 Dungeon Crawl Stone Soup version 0.29.1-13-g9f3cf754e1 (webtiles) character file.

Game seed: 15988077853885649303

7 protoss039 the Digger (level 1, -1/14 HPs)
             Began as a Demonspawn Earth Elementalist on Feb 9, 2023.
             Slain by a kobold
             ... wielding a +0 short sword
              (3 damage)
             ... on level 1 of the Dungeon.
             The game lasted 00:02:06 (84 turns).

protoss039 the Digger (Demonspawn Earth Elementalist) Turns: 84, Time: 00:02:07

Health: -1/14      AC:  2    Str:  8    XL:     1   Next: 83%
Magic:  0/3        EV: 12    Int: 16    God:
Gold:   0          SH:  0    Dex: 13    Spells: 3/4 levels left

rFire   . . .      SeeInvis .   (no weapon)
rCold   . . .      Faith    .   (no shield)
rNeg    . . .      Spirit   .   a - +0 robe
rPois   .          Reflect  .   (no helmet)
rElec   .          Harm     .   (no cloak)
rCorr   .          Rampage  .   (no gloves)
Will    .....                   (no boots)
Stlth   ++........              (no amulet)
HPRegen 0.04/turn               (no ring)
MPRegen 0.08/turn               (no ring)

@: very slightly contaminated
A: no striking features
a: no special abilities


You were on level 1 of the Dungeon.
You visited 1 branch of the dungeon, and saw 1 of its levels.

Inventory:

Armour
 a - a +0 robe (worn)


   Skills:
 + Level 0.6 Fighting
 - Level 1.7 Dodging
 - Level 1.7 Stealth
 + Level 2.1 Spellcasting
 - Level 0.8 Transmutations
 + Level 2.8 Earth Magic


You had 3 spell levels left.
You knew the following spells:

 Your Spells              Type           Power      Damage    Failure   Level
a - Sandblast             Erth           20%        2d7       6%          1

Your spell library contained the following spells:

 Spells                   Type           Power      Damage    Failure   Level
 Passwall                 Tmut/Erth      5%         N/A       14%         2
 Stone Arrow              Conj/Erth      12%        3d7       34%         3
 Petrify                  Tmut/Erth      7%         N/A       67%         4


Dungeon Overview and Level Annotations

Branches:
Dungeon (1/15) Zot: 5910

Altars:

Shops:
D:1 ?


Message History

* * * LOW HITPOINT WARNING * * *
The bat barely misses you. The bat misses you. Magic courses through your body.
The bat misses you. The bat hits you but does no damage.
The jackal attacks as you move away! The jackal barely misses you.
The bat hits you but does no damage. The jackal bites you.
* * * LOW HITPOINT WARNING * * *
Casting: Sandblast (safe; 6% risk of failure)
Confirm with . or Enter, or press ? or * to list all spells.
Aiming: Sandblast (safe; 6% risk of failure)
Press: ? - help, Shift-Dir - straight line, f - hobgoblin, p - jackal
Aim: a hobgoblin (82% to hit)
The blast of sand hits the bat but does no damage.
The bat barely misses you. The jackal closely misses you.
The bat closely misses you. The jackal closely misses you.
Unknown command.
Casting: Sandblast (safe; 6% risk of failure)
Confirm with . or Enter, or press ? or * to list all spells.
Aiming: Sandblast (safe; 6% risk of failure)
Press: ? - help, Shift-Dir - straight line, p - hobgoblin The blast of sand hits the jackal!
You kill the jackal!
The bat barely misses you. The bat hits you.
* * * LOW HITPOINT WARNING * * *
The kobold throws a stone.
The stone hits you but does no damage. The bat hits you but does no damage.
Unknown command.
Unknown command.
Unknown command.
Unknown command.
Casting: Sandblast (safe; 6% risk of failure)
Confirm with . or Enter, or press ? or * to list all spells.
Aiming: Sandblast (safe; 6% risk of failure)
Press: ? - help, Shift-Dir - straight line You miscast Sandblast.
You are very lightly contaminated with residual magic.
Nothing appears to happen.
The bat hits you but does no damage. The bat barely misses you.
The kobold hits you with a +0 short sword.
You die...

... ... #..##.# .
#..##.# .. #..#.####.##
#..#.#...... ......
#.......# .......
#....g###### ..:.....
#..##bK.≈≈≈###.........
#..##.@~~~≈≈.#.?.$.....
#..##....∩≈≈.#.........
##.....~~~≈≈.#.........
#.#....≈≈≈..#.........
#.#......$..#.........
#.#...######..........
#.###.# ##..######..
#.# #.#####...######..
#.# #h..hhg.#..hg..g.#


You could see a hobgoblin, a bat and a kobold.

Vanquished Creatures
  4 jackals (D:1)
  A quokka (D:1)
5 creatures vanquished.

Notes
Turn   | Place    | Note
-------+----------+-------------------------------------------
     0 | D:1      | protoss039 the Demonspawn Earth Elementalist began the
                  | quest for the Orb.
     0 | D:1      | Reached XP level 1. HP: 13/13 MP: 3/3
    31 | D:1      | Found Hakose's Magic Scroll Shoppe.
    84 | D:1      | Slain by a kobold

Illustrated notes

Levels and vault maps discovered:
D:1:      zelgadis_glass_arrival_small, layout_rooms,
          hellmonk_ecumenical_altar_dog_temple, serial_shops,
          nicolae_shop_waterfront, solitary_fountain, minivault_4

Action                   || total
-------------------------++-------
Melee: Unarmed           ||    10
 Cast: Sandblast         ||    10
  Use: Potion            ||     2
Armor: Robe              ||    14
Dodge: Dodged            ||    46
